 Dungeon Crawl Stone Soup version 0.24.0-13-gcf9b319 (webtiles) character file.

Game seed: 15905740809410060714, levelgen mode: deterministic

2963 Fang the Blocker (level 9, -1/59 HPs)
             Began as a Gargoyle Fighter on Jan 3, 2020.
             Was a Believer of Trog.
             Slain by an orc warrior
             ... wielding a +0 glaive
              (8 damage)
             ... on level 8 of the Dungeon.
             The game lasted 00:05:45 (5916 turns).

Fang the Blocker (Gargoyle Fighter)                 Turns: 5916, Time: 00:05:45

Health: -1/59      AC: 17    Str: 22    XL:     9   Next: 81%
Magic:  18/18      EV:  6    Int: 10    God:    Trog [**....]
Gold:   221        SH: 12    Dex:  9    Spells: 8/8 levels left

rFire    . . .     SeeInvis .   a - +2 war axe
rCold    . . .     Gourm    .   B - +1 shield
rNeg     + . .     Faith    .   b - +0 chain mail
rPois    ∞         Spirit   .   (no helmet)
rElec    +         Reflect  .   (no cloak)
rCorr    .         Harm     .   (no gloves)
MR       .....                  (no boots)
Stlth    ..........             g - amulet of the acrobat
HPRegen  0.19/turn              q - ring of magical power
MPRegen  0.16/turn              (no ring)

@: berserk cooldown, slowed, very slow
A: negative energy resistance 1, electricity resistance, unbreathing,
petrification resistance, rot immunity, AC +6
a: Berserk, Trog's Hand, Renounce Religion


You were on level 8 of the Dungeon.
You worshipped Trog.
Trog was pleased with you.
You were very hungry.

You visited 2 branches of the dungeon, and saw 9 of its levels.

You collected 329 gold pieces.
You spent 108 gold pieces at shops.

Inventory:

Hand Weapons
 a - a +2 war axe (weapon)
Armour
 b - a +0 chain mail (worn)
 B - a +1 shield (worn)
Jewellery
 g - an amulet of the acrobat (around neck)
 q - a ring of magical power (left hand)
Wands
 p - a wand of paralysis (11)
Scrolls
 e - a scroll of enchant armour
 j - a scroll of fear
 n - 2 scrolls of remove curse
 o - 4 scrolls of teleportation
 r - a scroll of identify
 s - a scroll of magic mapping
Potions
 d - 2 potions of might
 f - a potion of haste
 h - 3 potions of flight
 i - a potion of mutation
 k - a potion of agility
 l - a potion of berserk rage {unknown}
 m - a potion of curing
Comestibles
 c - 17 rations
 t - 4 chunks of flesh


   Skills:
 + Level 8.0 Fighting
 + Level 6.3 Axes
 + Level 8.0 Armour
 + Level 8.0 Shields


You had 8 spell levels left.
You didn't know any spells.
Your spell library was empty.

Dungeon Overview and Level Annotations

Branches:
Dungeon (8/15)             Temple (1/1) D:4
   Lair: D:8-11

Altars:
Ashenzari
Cheibriados
Dithmenos
Elyvilon
Fedhas
Gozag
Hepliaklqana
Kikubaaqudgha
Makhleb
Nemelex Xobeh
Okawaru
Qazlal
Ru
Sif Muna
Trog
Uskayaw
Vehumet
Wu Jian
Xom
Yredelemnul
Zin
The Shining One

Shops:
D:7 ?

Portals:
Bailey: D:7

Annotations:
D:5 1 runed translucent door, austinbyrn's ghost, novice GrFi


Innate Abilities, Weirdness & Mutations

You are resistant to torment.
Your stone body is resilient. (AC +6)
You are immune to poison.
You resist negative energy. (rN+)
You are resistant to electric shocks. (rElec)
You can survive without breathing.
You are immune to petrification.
You are immune to rotting.


Message History

The killer bee stings you.
* * * LOW HITPOINT WARNING * * *
The killer bee stings you but does no damage.
The orc warrior hits you but does no damage.
You block the killer bee's attack.
You hit the killer bee.
The killer bee is severely wounded.
You miss the killer bee.
The killer bee stings you but does no damage.
You block the killer bee's attack. x2; The killer bee barely misses you.
You block the killer bee's attack. The orc warrior barely misses you.
The killer bee stings you but does no damage. x2
Some of the chunks of flesh in your inventory have rotted away.
You closely miss the killer bee.
The killer bee is severely wounded.
You barely miss the killer bee.
The killer bee stings you but does no damage. x3
The killer bee completely misses you. You block the killer bee's attack.
The orc warrior hits you from afar with a +0 glaive!
You die...

..................
....###....#.....#
. #........#####
#.####...# #.#
##.## #.# ... #.#
#### #####.#
#@y...# #y#####


.ozl ..yzog# #..Fz5og# ........# ......... ....###.. You could see an orc
warrior, a bullfrog, an iguana, 3 killer bees, 3 wights, a quasit, 2 gnolls and
2 orcs.

Vanquished Creatures
  2 hippogriffs (D:7)
  Sigmund (D:5)
  An orc warrior (D:6)
  A sky beast (D:6)
  2 necrophages
  2 ice beasts
  2 ogres
  2 centaurs
  3 bullfrogs
  3 scorpions
  3 killer bees (D:8)
  3 wights (D:7)
  2 howler monkeys (D:8)
  2 crimson imps
  A bullfrog zombie (D:7)
  2 centaur zombies
  4 hounds
  3 orc priests
  2 bullfrog skeletons
  An orc wizard (D:6)
  An iguana (D:6)
  7 worker ants
  2 hound skeletons
  A howler monkey skeleton (D:8)
  6 adders
  3 gnolls (D:3)
  An ooze (D:5)
  3 worms
  2 dart slugs (D:1)
  3 leopard geckos
  26 orcs
  4 giant cockroaches
  6 goblins
  8 hobgoblins
  13 jackals
  4 quokkas
  A ball python (D:1)
  10 bats
  5 frilled lizards
  2 kobolds
  A quokka skeleton (D:5)
  4 rats
155 creatures vanquished.

Notes
Turn   | Place    | Note
-------+----------+-------------------------------------------
     0 | D:1      | Fang the Gargoyle Fighter began the quest for the Orb.
     0 | D:1      | Reached XP level 1. HP: 14/14 MP: 1/1
   139 | D:1      | Reached XP level 2. HP: 19/19 MP: 2/2
   583 | D:2      | Reached XP level 3. HP: 23/23 MP: 3/3
   742 | D:2      | Found a glowing silver altar of Zin.
  1184 | D:3      | Reached XP level 4. HP: 18/29 MP: 4/4
  1858 | D:3      | Reached XP level 5. HP: 31/33 MP: 5/5
  2334 | D:4      | Reached XP level 6. HP: 37/39 MP: 6/6
  2766 | D:4      | Found a staircase to the Ecumenical Temple.
  2836 | Temple   | Entered the Ecumenical Temple
  3157 | Temple   | Became a worshipper of Trog the Wrathful
  3469 | D:5      | Entered Level 5 of the Dungeon
  3629 | D:5      | Noticed an ice beast
  3637 | D:5      | Killed an ice beast
  3637 | D:5      | Reached skill level 5 in Fighting
  3637 | D:5      | Reached skill level 5 in Armour
  3637 | D:5      | Reached skill level 5 in Shields
  3637 | D:5      | Reached XP level 7. HP: 44/44 MP: 7/7
  3685 | D:5      | Noticed Sigmund
  3700 | D:5      | Killed Sigmund
  3930 | D:5      | Found a runed translucent door.
  3932 | D:5      | Noticed austinbyrn's ghost (novice GrFi)
  4139 | D:6      | Reached XP level 8. HP: 49/51 MP: 8/8
  4142 | D:6      | Reached * piety under Trog
  4661 | D:6      | Reached skill level 5 in Axes
  5287 | D:7      | Reached ** piety under Trog
  5287 | D:7      | Reached XP level 9. HP: 56/56 MP: 9/9
  5481 | D:7      | Found Puolai's Magic Scroll Emporium.
  5489 | D:7      | Bought 2 scrolls of teleportation for 72 gold pieces
  5489 | D:7      | Bought a scroll of teleportation for 36 gold pieces
  5587 | D:7      | Found a flagged portal.
  5916 | D:8      | Slain by an orc warrior

Levels and vault maps discovered:
D:1:      dpeg_arrival_shrine, layout_basic
D:2:      layout_loops_ring, zin_scriptorium, first_ration
D:3:      layout_rooms, serial_bayou, serial_bayou_shore_b,
          serial_bayou_crossing, serial_bayou_pond_c, serial_bayou_lagoon_a
D:4:      layout_gridville, minmay_temple_entry_hall
D:5:      layout_basic, ebering_ghost_inner_flame, uniq_sigmund
D:6:      layout_loops_corners, ebering_dispersal_statue_hall
D:7:      layout_cave_pools, enter_bailey_8, serial_shops, shop
D:8:      layout_basic, grunt_pizzeria
Temple:   regret_index_temple_sigil_plot

Skill      XL: |  1  2  3  4  5  6  7  8  9 |
---------------+----------------------------+-----
Axes           | 2 3 4 5 6 |  6.3
Fighting       | 4 5 6 8 |  8.0
Armour         | 4 5 6 8 |  8.0
Shields        | 4 5 6 8 |  8.0

Action                   |  1- 3 |  4- 6 |  7- 9 || total
-------------------------+-------+-------+-------++-------
Melee: War axe           |   133 |   198 |   301 ||   632
Invok: Berserk           |       |       |     2 ||     2
  Use: Potion            |       |     1 |       ||     1
       Scroll            |       |    12 |     4 ||    16
  Eat: Chunk             |     1 |     5 |     9 ||    15
       Ration            |       |     1 |       ||     1
Armor: Scale mail        |    29 |       |       ||    29
       Chain mail        |    68 |   141 |   186 ||   395
Dodge: Dodged            |    31 |    53 |   100 ||   184
Block: Shield            |    65 |   129 |   217 ||   411
